 Dungeon Crawl Stone Soup version 0.20-a0-910-gb611367 (webtiles) character file.

15422 psychoDad the Thaumaturge (level 11, -1/94 HPs)
             Began as a Demigod Wizard on Mar 22, 2017.
             Slain by an ice beast (19 damage)
             ... in an ice cave on Mar 24, 2017.
             The game lasted 01:50:49 (18179 turns).

psychoDad the Thaumaturge (Demigod Wizard)         Turns: 18179, Time: 01:50:50

Health: -1/94      AC: 11    Str: 12    XL:     11   Next: 69%
Magic:  28/28      EV: 17    Int: 24    God:
Gold:   1674       SH:  0    Dex: 16    Spells: 19/28 levels left

rFire    . . .     SeeInvis .   e - +0 bardiche
rCold    x . .     Gourm    .   f - +1 troll leather armour "Hiuntyts" {rC- MR+ Regen+ Int+2}
rNeg     . . .     Faith    .   (shield currently unavailable)
rPois    +         Spirit   .   r - +2 helmet
rElec    .         Reflect  .   v - +2 cloak
rCorr    .         Harm     .   (no gloves)
MR       ++...                  (no boots)
Stlth    ++........             N - amulet of Cofa {rPois Regen+ Int-4 Dex+2}
Regen    1.1/turn               (no ring)
MPRegen  0.3/turn               x - +2 ring of evasion

@: no status effects
A: high mp 1
a: no special abilities


You were in an ice cave.
You were not hungry.

You visited 2 branches of the dungeon, and saw 13 of its levels.
You also visited: Ossuary, Bailey and Ice Cave.

You collected 1688 gold pieces.
You spent 14 gold pieces at shops.

Inventory:

Hand Weapons
 e - a +0 bardiche (weapon)
 p - a +0 spear of freezing
 q - a +2 quarterstaff of chaos
Missiles
 b - 34 tomahawks of returning (quivered)
 o - 6 javelins of penetration
 J - 2 throwing nets
 M - 3 curare-tipped needles
Armour
 f - the +1 troll leather armour "Hiuntyts" (worn) {rC- MR+ Regen+ Int+2}
   (You took it off a kobold in a bailey)

   It affects your intelligence (+2).
   It makes you vulnerable to cold.
   It affects your resistance to hostile enchantments.
   It increases your rate of regeneration.
 r - a +2 helmet (worn)
 v - a +2 cloak (worn)
Jewellery
 x - a +2 ring of evasion (left hand)
 y - a +2 amulet of reflection
 N - the amulet of Cofa (around neck) {rPois Regen+ Int-4 Dex+2}
   (You found it on level 8 of the Dungeon)

   [amulet of regeneration]

   It affects your intelligence (-4).
   It affects your dexterity (+2).
   It protects you from poison.
   It increases your rate of regeneration.
Wands
 R - a wand of digging (13/24)
 U - a wand of digging (14/24)
 X - a wand of digging (20/24)
 Y - a wand of clouds (3/9)
Scrolls
 h - 3 scrolls of amnesia {unknown}
 i - 3 scrolls of remove curse
 j - 3 scrolls of teleportation {unknown}
 m - 4 scrolls of fog {unknown}
 w - 5 scrolls of enchant weapon {unknown}
 D - a scroll of magic mapping
 E - 4 scrolls of enchant armour {unknown}
 L - 4 scrolls of identify
 Q - a scroll of recharging
 S - a scroll of acquirement
 T - 2 scrolls of fear {unknown}
Potions
 g - 2 potions of invisibility {unknown}
 l - 3 potions of agility
 n - 5 potions of curing {unknown}
 t - 3 potions of flight {unknown}
 u - a potion of resistance
 z - 3 potions of brilliance {unknown}
 A - 3 potions of heal wounds {unknown}
 B - a potion of cancellation
 C - 3 potions of might
 F - a potion of magic
 G - 3 potions of haste
 H - a potion of berserk rage
 I - 4 potions of degeneration {unknown}
 P - 2 potions of lignification {unknown}
Comestibles
 d - 3 bread rations
 k - 5 royal jellies
 s - 3 meat rations


   Skills:
 - Level 8.0 Fighting
 * Level 4.5 Polearms
 - Level 2.3 Throwing
 - Level 6.0 Dodging
 - Level 1.7 Stealth
 - Level 9.3 Spellcasting
 - Level 5.0 Conjurations
   Level 0.8 Summonings
 - Level 5.3 Translocations
 - Level 5.0 Fire Magic
 - Level 5.0 Air Magic


You had 19 spell levels left.
You knew the following spells:

 Your Spells              Type           Power        Failure   Level  Hunger
a - Magic Dart            Conj           ####         1%          1    None
b - Blink                 Tloc           N/A          1%          2    None
c - Mephitic Cloud        Conj/Pois/Air  ####....     8%          3    None
d - Conjure Flame         Conj/Fire      #####...     3%          3    None


Dungeon Overview and Level Annotations

Branches:
Dungeon (11/15)            Temple (0/1) D:7            Lair (0/6) D:11
    Orc (2/2) D:9             Elf (0/3) Orc:2

Shops:
D:4 *

Annotations:
D:5 Deepelfeos's ghost, novice TrMo
D:7 ktulu8bugs's ghost, novice BaIE
D:8 1 runed door


Innate Abilities, Weirdness & Mutations

You have an increased reservoir of magic. (+10% MP)


Message History

The ice beast is heavily wounded.
The ice beast barely misses you.
The ice beast hits you but does no damage.
The ice beast barely misses you. x2; The ice beast completely misses you.
The ice beast hits you but does no damage.
The white imp picks up a beetle and eats it.
You barely miss the ice beast.
The ice beast is heavily wounded.
The ice beast hits you but does no damage.
The ice beast hits you. The ice beast freezes you!!
You feel a terrible chill!
* * * LOW HITPOINT WARNING * * *
The ice beast hits you.
* * * LOW HITPOINT WARNING * * *
The ice beast freezes you!
You feel a terrible chill!
* * * LOW HITPOINT WARNING * * *
The white imp grinds its teeth.
The ice beast barely misses you. The ice beast hits you.
* * * LOW HITPOINT WARNING * * *
The ice beast freezes you!!
You feel a terrible chill!
You die...

## ##. #... ..... ####
.....# ######..##
......### ##.Y##....##
.......5###.5Y@......#
......5..#...Y...∩.∩.#
......##....##.......#
..... ##..#####....##
.... #### ##..## #..
#### #. #


You could see 3 ice beasts and a white imp.

Vanquished Creatures
  3 two-headed ogres
  An orc high priest (Orc:1)
  An orc knight (Bailey)
  2 orc sorcerers (Orc:1)
  Maurice (D:8)
  A komodo dragon (D:11)
  2 trolls (D:9)
  A wolf spider simulacrum (IceCv)
  2 hippogriffs
  10 yaks
  A steam dragon (D:11)
  A death yak simulacrum (IceCv)
  2 wargs (D:9)
  2 water moccasins (D:9)
  A soldier ant (D:5)
  12 ice beasts
  5 sky beasts
  A phantom (D:10)
  2 necrophages
  12 orc warriors
  An eye of draining (D:9)
  8 ogres
  4 centaurs
  6 bullfrogs
  2 scorpions
  An elephant simulacrum (IceCv)
  12 killer bees
  17 wights
  A howler monkey (D:5)
  A bullfrog zombie (D:7)
  5 crimson imps
  7 hounds
  A quasit (D:9)
  A centaur zombie (D:7)
  A jelly (D:9)
  Crazy Yiuf (D:2)
  11 orc priests
  A bullfrog skeleton (D:7)
  2 centaur skeletons
  Jessica (D:3)
  2 iguanas
  14 orc wizards
  Natasha (thrice) (D:1)
  8 worker ants
  A wolf simulacrum (IceCv)
  2 killer bee zombies
  A big kobold zombie (Ossuary)
  A hound zombie (D:5)
  A hound skeleton (D:4)
  8 mummies (Ossuary)
  26 gnolls
  5 adders
  A shadow imp (D:10)
  4 white imps (IceCv)
  An ooze (D:1)
  An adder zombie (D:8)
  An adder skeleton (D:7)
  5 dart slugs
  7 leopard geckos
  57 orcs
  2 ball pythons
  7 bats
  6 giant cockroaches
  A gnoll zombie (Ossuary)
  15 goblins
  13 hobgoblins
  9 jackals
  21 kobolds
  7 quokkas
  4 frilled lizards
  6 hobgoblin zombies (Ossuary)
  A leopard gecko skeleton (D:5)
  A quokka skeleton (D:5)
  10 rats
  3 butterflies (D:5)
402 creatures vanquished.

Vanquished Creatures (collateral kills)
  2 worker ants (D:5)
  A giant cockroach (D:5)
3 creatures vanquished.

Vanquished Creatures (others)
  A killer bee (D:8)
  An orc priest (D:8)
  An orc (D:9)
  2 plants (D:11)
5 creatures vanquished.

Grand Total: 410 creatures vanquished

Notes
Turn   | Place    | Note
-------+----------+-------------------------------------------
     0 | D:1      | psychoDad the Demigod Wizard began the quest for the Orb.
     0 | D:1      | Reached XP level 1. HP: 14/14 MP: 6/6
    67 | D:1      | Reached skill level 1 in Conjurations
   586 | D:1      | Reached XP level 2. HP: 20/20 MP: 5/8
   633 | D:1      | Learned a level 2 spell: Blink
  1402 | D:2      | Reached XP level 3. HP: 26/26 MP: 5/9
  2001 | D:2      | Found a runed door.
  2009 | D:2      | Learned a level 3 spell: Mephitic Cloud
  2043 | D:2      | Noticed Natasha
  2069 | D:3      | Noticed Jessica
  2150 | D:3      | Reached skill level 3 in Spellcasting
  2483 | D:3      | Found a snail-covered altar of Cheibriados.
  2490 | D:3      | Killed Jessica
  2490 | D:3      | Reached XP level 4. HP: 32/33 MP: 6/12
  3522 | D:2      | Noticed Crazy Yiuf
  3875 | D:1      | Killed Natasha
  3994 | D:1      | Noticed Natasha
  4002 | D:1      | Killed Natasha
  4002 | D:1      | Reached XP level 5. HP: 32/38 MP: 9/13
  4253 | D:1      | Noticed Natasha
  4271 | D:1      | Killed Natasha
  4436 | D:2      | Learned a level 3 spell: Conjure Flame
  4441 | D:2      | Killed Crazy Yiuf
  4793 | D:3      | Found a shimmering altar of Xom.
  4794 | D:3      | Found a shimmering altar of Xom.
  4794 | D:3      | Found a shimmering altar of Xom.
  4795 | D:3      | Found a shimmering altar of Xom.
  4795 | D:3      | Found a shimmering altar of Xom.
  4796 | D:3      | Found a shimmering altar of Xom.
  4796 | D:3      | Found a shimmering altar of Xom.
  4796 | D:3      | Found a shimmering altar of Xom.
  5334 | D:4      | Found a sand-covered staircase.
  5363 | Ossuary  | Entered an ossuary
  5420 | Ossuary  | Reached skill level 1 in Fighting
  5560 | Ossuary  | Reached XP level 6. HP: 47/47 MP: 5/14
  5703 | Ossuary  | Reached skill level 4 in Spellcasting
  6517 | D:4      | Reached skill level 5 in Spellcasting
  6675 | D:3      | Upgraded the game from 0.20-a0-909-g1a4ba80 to 0.20-a0-910-gb611367
  6785 | D:4      | Found an ancient bone altar of Kikubaaqudgha.
  6908 | D:4      | Found Meiheh Vahez's General Store.
  6916 | D:4      | Bought a scroll of random uselessness for 14 gold pieces
  6934 | D:4      | Reached XP level 7. HP: 45/55 MP: 11/17
  7091 | D:4      | Found an iron altar of Okawaru.
  7121 | D:5      | Entered Level 5 of the Dungeon
  7668 | D:5      | Noticed Deepelfeos's ghost (novice TrMo)
  7669 | D:5      | Found a runed door.
  7961 | D:5      | Found a sparkling altar of Nemelex Xobeh.
  8239 | D:5      | Reached skill level 5 in Fighting
  8351 | D:5      | Found a runed door.
  8388 | D:5      | Reached XP level 8. HP: 68/68 MP: 6/20
  8564 | D:6      | Reached skill level 6 in Spellcasting
  8637 | D:6      | Noticed a gargoyle
  8848 | D:6      | Found a shattered altar of Ashenzari.
  9148 | D:6      | Reached skill level 7 in Spellcasting
  9341 | D:7      | Noticed a hippogriff
  9370 | D:6      | Killed a hippogriff
  9605 | D:7      | Reached skill level 5 in Conjurations
  9613 | D:7      | Noticed ktulu8bugs's ghost (novice BaIE)
  9927 | D:7      | Reached skill level 5 in Dodging
  9931 | D:7      | Reached XP level 9. HP: 48/74 MP: 18/23
 10191 | D:7      | Found a stormy altar of Qazlal.
 10386 | D:7      | Found a staircase to the Ecumenical Temple.
 10788 | D:7      | Reached skill level 1 in Translocations
 11667 | D:7      | Reached skill level 1 in Air Magic
 11768 | D:8      | Found a radiant altar of Vehumet.
 11770 | D:8      | Got a wavering brass amulet
 11772 | D:8      | Identified the amulet of Cofa {rPois Regen+ Int-4 Dex+2} (You found it on level 8 of the Dungeon)
 11822 | D:8      | Reached skill level 1 in Fire Magic
 12186 | D:8      | Noticed Maurice
 12208 | D:8      | Killed Maurice
 12474 | D:8      | Noticed a two-headed ogre
 12482 | D:8      | Killed a two-headed ogre
 12482 | D:8      | Reached XP level 10. HP: 64/83 MP: 15/24
 12935 | D:8      | Found a runed door.
 12935 | D:8      | Noticed a yaktaur captain
 12935 | D:8      | Noticed a yaktaur captain
 12937 | D:8      | Noticed a fire crab
 12937 | D:8      | Noticed a five-headed hydra
 12937 | D:8      | Noticed a centaur warrior
 12937 | D:8      | Noticed an ogre mage
 13244 | D:9      | Reached skill level 5 in Air Magic
 13258 | D:9      | Reached skill level 5 in Fire Magic
 13363 | D:9      | Noticed a two-headed ogre
 13375 | D:9      | Killed a two-headed ogre
 13375 | D:9      | Reached skill level 5 in Translocations
 13605 | D:9      | Found a staircase to the Orcish Mines.
 14301 | D:10     | Entered Level 10 of the Dungeon
 14448 | D:10     | Found a flagged portal.
 14463 | Bailey   | Entered a bailey
 14693 | Bailey   | Got an ancient troll leather armour
 14718 | Bailey   | Identified the +1 troll leather armour "Hiuntyts" {rC- MR+ Regen+ Int+2} (You took it off a kobold in a bailey)
 15104 | Bailey   | Found a bloodstained altar of Trog.
 15104 | Bailey   | Noticed an orc knight
 15123 | Bailey   | Killed an orc knight
 15123 | Bailey   | Reached skill level 8 in Spellcasting
 15325 | D:10     | Reached skill level 1 in Polearms
 15863 | Orc:1    | Entered Level 1 of the Orcish Mines
 15890 | D:9      | Reached XP level 11. HP: 80/89 MP: 27/27
 16152 | Orc:1    | Noticed an orc high priest
 16331 | D:9      | Reached skill level 1 in Throwing
 16644 | D:11     | Found a staircase to the Lair.
 17202 | D:11     | Noticed a two-headed ogre
 17231 | D:11     | Killed a two-headed ogre
 17413 | Orc:1    | Killed an orc high priest
 17560 | Orc:1    | Reached skill level 9 in Spellcasting
 17795 | Orc:1    | Noticed a soul eater
 17933 | Orc:2    | Entered Level 2 of the Orcish Mines
 17938 | Orc:2    | Identified a scroll of acquirement
 17957 | Orc:2    | Found a frozen archway.
 18048 | IceCv    | Entered an ice cave
 18179 | IceCv    | Slain by an ice beast

Vault maps used:
D:1:      lightli_arrival_windingriver, hangedman_decor_lopped
D:2:      uniq_crazy_yiuf_cottage, uniq_natasha
D:3:      xom_redecorated, cheibriados_altar_1, uniq_jessica
D:4:      overflow_temple_1_default, okawaru_altar_gauntlet_db, serial_shops,
          shop, nicolae_ossuary_entry_ruins
D:5:      lemuel_insect_pit, first_bread, grunt_nemelex_the_gamble
D:6:      old_standard_altar
D:7:      lemuel_round_altar, temple_green
D:8:      minmay_gate_of_8, vehumet_crystals, uniq_maurice
D:9:      erik_orc_3
D:10:     enter_bailey_3
D:11:     david_lair_shrubbed
Orc:2:    st_orc_pillars, portal_ice_cave_entry_ice_beasts,
          nicolae_orc_sculptors_studio, uniq_josephine, uniq_saint_roka,
          uniq_azrael
Ossuary:  ossuary_tomb_3
Bailey:   bailey_axe_3, bailey
IceCv:    ice_cave_small_necro

Skill      XL: |  1  2  3  4  5  6  7  8  9 10 11 |
---------------+----------------------------------+-----
Conjurations   | 2 3 5 |  5.0
Spellcasting   | 3 5 7 8 9 |  9.3
Dodging        | 2 4 5 6 |  6.0
Fighting       | 1 2 5 6 8 |  8.0
Translocations | 3 5 |  5.3
Air Magic      | 4 5 |  5.0
Fire Magic     | 3 5 |  5.0
Polearms       | 2 4 |  4.5
Throwing       | 2 |  2.3
Stealth        | |  1.7
Summonings     | |  0.8

Action                   |  1- 3 |  4- 6 |  7- 9 | 10-12 || total
-------------------------+-------+-------+-------+-------++-------
Melee: Spear             |       |   117 |       |       ||   117
       Quarterstaff      |       |    99 |   303 |   284 ||   686
       Bardiche          |       |       |       |   295 ||   295
 Cast: Magic Dart        |   107 |   138 |   121 |   114 ||   480
       Mephitic Cloud    |     2 |    12 |    21 |    36 ||    71
       Blink             |       |     5 |     3 |    57 ||    65
       Conjure Flame     |       |     2 |    17 |    41 ||    60
  Use: Scroll            |       |     7 |     2 |     3 ||    12
 Stab: Confused          |       |     9 |     8 |    16 ||    33
       Sleeping          |       |     2 |     4 |     3 ||     9
       Distracted        |       |       |     2 |     1 ||     3
       Petrifying        |       |       |     1 |       ||     1
       Petrified         |       |       |     1 |       ||     1
       Paralysed         |       |       |       |     8 ||     8
  Eat: Chunk             |     5 |    10 |    13 |     8 ||    36
       Bread ration      |       |     1 |     1 |     3 ||     5
       Fruit             |       |       |       |     2 ||     2
Armor: Robe              |     3 |    52 |    70 |    74 ||   199
       Troll leather arm |       |       |       |   142 ||   142
Dodge: Dodged            |    13 |   150 |   302 |   617 ||  1082
Block: Other             |       |       |    11 |       ||    11
       Reflection        |       |       |     1 |       ||     1
